 Dungeon Crawl Stone Soup version 0.17.1-2-g5865329 (webtiles) character file.

150 Jerry the Sneak (level 5, -20/36 HPs)
             Began as an Octopode Assassin on Jan 21, 2016.
             Demolished by an orc warrior
             ... wielding a +0 dire flail
              (29 damage)
             ... on level 3 of the Dungeon.
             The game lasted 00:14:44 (2796 turns).

Jerry the Sneak (Octopode Assassin)                 Turns: 2796, Time: 00:14:46

Health: -20/36     AC:  1    Str: 15    XL:     5   Next: 32%
Magic:  5/5        EV: 10    Int: 13    God:
Gold:   173        SH:  8    Dex: 14    Spells: 0 memorised, 5 levels left

rFire  . . .     SeeInvis .     a - +2 dagger
rCold  . . .     Clarity  .     o - +0 shield
rNeg   . . .     SustAt   .     (helmet restricted)
rPois  .         Gourm    .     (no amulet)
rElec  .         Spirit   .     p - +4 ring of strength
rCorr  .         Warding  .     u - ring of invisibility
rMut   .         Stasis   .     (no ring)
MR     .....                    (no ring)
Stlth  +++++.....               (no ring)
                                (no ring)
                                (no ring)
                                (no ring)

@: not resistant to hostile enchantments, quite stealthy
A: almost no armour, amphibious, 8 rings, constrict 8, camouflage 1, gelatinous
body 1
a: Evoke Invisibility


You were on level 3 of the Dungeon.
You were not hungry.

You visited 1 branch of the dungeon, and saw 3 of its levels.

You collected 173 gold pieces.

Inventory:

Hand Weapons
 a - a +2 dagger (weapon)
 b - a +0 blowgun
 f - a +2 dagger of venom
Missiles
 c - 20 poisoned needles
 d - 4 curare-tipped needles
Armour
 o - a +0 shield (worn)
Jewellery
 p - a +4 ring of strength (left tentacle)
 u - a ring of invisibility (right tentacle)
Scrolls
 g - a scroll of random uselessness {unknown}
 m - a scroll of fear {unknown}
 n - a scroll of noise {unknown}
 q - 2 scrolls of amnesia {unknown}
 s - 2 scrolls of remove curse {unknown}
 w - a scroll of identify {unknown}
Potions
 h - a potion of beneficial mutation {unknown}
 k - a potion of degeneration {unknown}
 l - a potion of curing {unknown}
Books
 t - a book of the Earth

   Spells                             Type                      Level
   a - Leda's Liquefaction            Hexes/Earth                  4
   b - Bolt of Magma                  Conjuration/Fire/Earth       5
   c - Statue Form                    Transmutation/Earth          6
   d - Iron Shot                      Conjuration/Earth            6
   e - Shatter                        Earth                        9
Comestibles
 e - 3 bread rations
 i - a beef jerky
 j - 2 royal jellies
 r - a meat ration
 v - 2 chunks of flesh


   Skills:
 + Level 2.8 Fighting
 + Level 3.1 Short Blades
 - Level 2.0 Throwing
 + Level 2.1 Dodging
 + Level 6.4 Stealth
 + Level 1.4 Shields
 + Level 0.5 Spellcasting


You had 5 spell levels left.
You didn't know any spells.

Dungeon Overview and Level Annotations

Branches:
Dungeon (3/15)

Altars:
Fedhas


Innate Abilities, Weirdness & Mutations

You cannot wear most types of armour.
You are amphibious.
You can wear up to eight rings at the same time.
You can use your tentacles to constrict eight enemies at once.
Your skin changes colour to match your surroundings (Stealth).
Your rubbery body absorbs attacks (AC +1).


Message History

* * * LOW HITPOINT WARNING * * *
You see here a tomahawk.
The orc throws a tomahawk.
The tomahawk hits you but does no damage.
You see here a tomahawk.
The orc throws a tomahawk.
The tomahawk hits you.
* * * LOW HITPOINT WARNING * * *
You see here a tomahawk.
The orc throws a tomahawk.
You block the tomahawk.
You see here a tomahawk.
There isn't anything here!
That item cannot be evoked!
You fail to use your ability.
You block the orc warrior's attack.
You closely miss the orc warrior. You grab the orc warrior.
You squeeze the orc warrior.
The orc warrior is lightly wounded.
You constrict the orc warrior.
The orc warrior hits you with a dire flail!!
Ouch! That really hurt!
You die...

#### ..#......(.###..#### #. #...
###.#.....######..##### #. #...
#...#....## ##.......## ##
#...##........## #.........# ##
#..............####.........# #.
#..............#............###.
#...........................##..
##...)........#.###.........##..
##...........#@# #.........##..
##....#....##o###.............
######.....#......#.........#.##.
#.......##.....(.......######.#..
.........#.......................
...........#....o...).######.....
......................######....#
.........#.#.....................
#..........#..(......รท...........


You could see an orc warrior and an orc.

Vanquished Creatures
  An orc wizard (D:3)
  A giant frog skeleton (D:3)
  A gnoll (D:1)
  3 adders
  An ooze (D:2)
  A giant gecko (D:3)
  3 bats
  A giant cockroach (D:1)
  7 hobgoblins
  10 jackals
  4 kobolds
  3 giant newts (D:1)
  12 goblins
  2 quokkas
  3 rats
53 creatures vanquished.

Notes
Turn   | Place    | Note
--------------------------------------------------------------
     0 | D:1      | Jerry the Octopode Assassin began the quest for the Orb.
     0 | D:1      | Reached XP level 1. HP: 14/14 MP: 1/1
    98 | D:1      | Reached XP level 2. HP: 6/19 MP: 2/2
   596 | D:1      | Reached XP level 3. HP: 25/25 MP: 3/3
  1256 | D:2      | Reached skill level 6 in Stealth
  2042 | D:3      | Reached XP level 4. HP: 16/30 MP: 4/4
  2193 | D:3      | Found a faded altar to an unknown god.
  2304 | D:3      | Reached skill level 1 in Shields
  2549 | D:3      | Found a blossoming altar of Fedhas.
  2627 | D:3      | Reached XP level 5. HP: 21/35 MP: 5/5
  2773 | D:3      | Noticed an orc warrior
  2796 | D:3      | Demolished by an orc warrior

Action                   |  1- 3 |  4- 6 || total
-------------------------+-------+-------++-------
Melee: Dagger            |    66 |    41 ||   107
 Stab: Sleeping          |    13 |     6 ||    19
       Distracted        |     1 |       ||     1
  Eat: Chunk             |     3 |     3 ||     6
